 Dungeon Crawl Stone Soup version 0.21-a0-51-gea492e9 (console) character file.

165 Duffy the Caller (level 5, 0/45 HPs)
             Began as an Ogre Summoner on June 12, 2017.
             Killed from afar by an orc wizard (3 damage)
             ... with a magic dart
             ... on level 4 of the Dungeon.
             The game lasted 00:07:55 (3882 turns).

Duffy the Caller (Ogre Summoner)                    Turns: 3882, Time: 00:07:55

Health: 0/45       AC:  3    Str: 12    XL:     5   Next: 46%
Magic:  4/11       EV: 10    Int: 17    God:
Gold:   218        SH:  0    Dex:  9    Spells: 2/12 levels left

rFire    . . .     SeeInvis .   s - +0 dagger (elec)
rCold    . . .     Gourm    .   (no shield)
rNeg     . . .     Faith    .   a - +0 robe
rPois    .         Spirit   .   (helmet restricted)
rElec    .         Reflect  .   o - scarf {cloud immunity}
rCorr    .         Harm     .   (gloves unavailable)
MR       .....                  (boots unavailable)
Stlth    +.........             (no amulet)
Regen    0.2/turn               (no ring)
MPRegen  0.2/turn               (no ring)

@: no status effects
A: unfitting armour, tough skin 1
a: no special abilities


You were on level 4 of the Dungeon.
You were not hungry.

You visited 1 branch of the dungeon, and saw 4 of its levels.

You collected 218 gold pieces.

Inventory:

Hand Weapons
 s - a +0 dagger of electrocution (weapon)
Armour
 a - a +0 robe (worn)
 o - a scarf of cloud immunity (worn)
Scrolls
 d - 2 scrolls of teleportation {unknown}
 e - a scroll of fog {unknown}
 f - 4 scrolls of remove curse {unknown}
 i - 4 scrolls of identify {unknown}
 j - a scroll of recharging {unknown}
 n - a scroll of magic mapping {unknown}
 v - a scroll of immolation {unknown}
Potions
 g - a potion of brilliance {unknown}
 h - 3 potions of heal wounds {unknown}
 k - a potion of experience {unknown}
 m - 4 potions of curing {unknown}
 q - a potion of lignification {unknown}
 t - a potion of ambrosia {unknown}
Books
 b - a book of Callings

   Spells                             Type                      Level
   a - Summon Small Mammal            Summoning                    1
   b - Call Imp                       Summoning                    2
   c - Call Canine Familiar           Summoning                    3
   d - Summon Guardian Golem          Hexes/Summoning              3
   e - Summon Lightning Spire         Summoning/Air                4
   f - Summon Ice Beast               Ice/Summoning                4
 u - a book of Necromancy

   Spells                             Type                      Level
   a - Pain                           Necromancy                   1
   b - Animate Skeleton               Necromancy                   1
   c - Vampiric Draining              Necromancy                   3
   d - Regeneration                   Charms/Necromancy            3
   e - Animate Dead                   Necromancy                   4
   f - Control Undead                 Necromancy                   4
Comestibles
 c - 2 bread rations
 l - 2 meat rations
 p - 2 royal jellies


   Skills:
 - Level 1.7 Dodging
 - Level 1.4 Stealth
 + Level 4.1 Spellcasting
 * Level 5.2 Summonings


You had 2 spell levels left.
You knew the following spells:

 Your Spells              Type           Power        Failure   Level  Hunger
a - Summon Small Mammal   Summ           ###.         1%          1    None
h - Call Canine Familiar  Summ           ###.....     5%          3    ###....
i - Call Imp              Summ           ###.....     2%          2    ##.....
l - Summon Ice Beast      Ice/Summ       ##......     45%         4    ####...


Dungeon Overview and Level Annotations

Branches:
Dungeon (4/15)
 Temple: D:4-7

Altars:
Wu Jian
Yredelemnul


Innate Abilities, Weirdness & Mutations

You are too large for most types of armour.
You have tough skin. (AC +1)


Message History

The centaur wields an uncursed shortbow.
The centaur shoots an arrow.
The arrow hits your crimson imp.
Your crimson imp hits the centaur.
The centaur shoots an arrow.
The arrow closely misses your crimson imp.
The arrow hits the orc wizard.
The orc hits your crimson imp with a hand axe.
The orc wizard gestures wildly while chanting.
The orc wizard flickers and vanishes!
Deactivating autopickup; reactivate with Ctrl-A.
Your crimson imp hits the centaur.
The centaur shoots an arrow.
The arrow hits your crimson imp.
The orc hits your crimson imp with a hand axe.
Your crimson imp dies!
There is an open door here.
The centaur shoots an arrow.
The arrow hits you!
You see here an arrow.
A magic dart appears from out of thin air!
The magic dart hits you!
You die...

###(### #.# #~~c~~#
#.# #~8.8~#########
#<#
#~._.~#.......####.#
#~8.8~##.<.........#
#~~{~~##..###.####.#
###'####..# #.# #.#
#.(####.(###.## #.#
#.#..@.(........###.#
#.#.#####..###......#
#.#.# #..# ##.#.#.#
#.#.# #..####.#.#.#
#.#.# #...........#
#.#.# #.#####.#.#.#
#.#.#####.# #.#.#.#
#.........#####.....#
##.#.............#.#.#


You could see a centaur.

Vanquished Creatures (collateral kills)
  A bullfrog (D:4)
  Jessica (D:2)
  Terence (D:2)
  Natasha (thrice) (D:2)
  4 adders
  2 oozes (D:1)
  A worm (D:2)
  A dart slug (D:1)
  3 leopard geckos
  An orc (D:4)
  2 ball pythons (D:1)
  13 goblins
  5 hobgoblins
  3 jackals (D:2)
  9 kobolds
  8 bats
  3 frilled lizards (D:1)
  10 rats
71 creatures vanquished.

Notes
Turn   | Place    | Note
-------+----------+-------------------------------------------
     0 | D:1      | Duffy the Ogre Summoner began the quest for the Orb.
     0 | D:1      | Reached XP level 1. HP: 16/16 MP: 3/3
   312 | D:1      | Reached XP level 2. HP: 24/24 MP: 0/5
   316 | D:1      | Learned a level 2 spell: Call Imp
   718 | D:1      | Reached skill level 4 in Summonings
  1170 | D:1      | Reached XP level 3. HP: 31/31 MP: 5/7
  1175 | D:1      | Learned a level 3 spell: Call Canine Familiar
  1461 | D:2      | Noticed Jessica
  1468 | D:2      | Killed Jessica
  1646 | D:2      | Noticed Natasha
  1655 | D:2      | Killed Natasha
  1655 | D:2      | Reached XP level 4. HP: 39/39 MP: 0/9
  1918 | D:2      | Noticed Natasha
  1922 | D:2      | Killed Natasha
  2160 | D:2      | Noticed Terence
  2177 | D:2      | Killed Terence
  2210 | D:2      | Noticed Natasha
  2227 | D:2      | Killed Natasha
  2532 | D:2      | Found an ornate altar of the Wu Jian Council.
  2670 | D:2      | Reached XP level 5. HP: 45/45 MP: 6/10
  2676 | D:2      | Learned a level 4 spell: Summon Ice Beast
  3552 | D:3      | Reached skill level 5 in Summonings
  3828 | D:4      | Found a basalt altar of Yredelemnul.
  3866 | D:4      | Noticed a centaur
  3882 | D:4      | Killed from afar by an orc wizard

Vault maps used:
D:1:      saegor_arrival_miasma, hangedman_decor_points, minmay_ruptured
D:2:      overflow_temple_1_default, kennysheep_potato, uniq_terence,
          uniq_natasha, uniq_jessica
D:4:      tso_oasis_becter, kennysheep_little_box, first_bread,
          fedhas_bush_and_centaur_altar, uniq_duvessa

Skill      XL: |  1  2  3  4  5 |
---------------+----------------+-----
Summonings     | 4 5 |  5.2
Spellcasting   | 3 4 |  4.1
Dodging        | |  1.7
Stealth        | |  1.4

Action                   |  1- 3 |  4- 6 || total
-------------------------+-------+-------++-------
 Cast: Summon Small Mamm |    51 |       ||    51
       Call Canine Famil |     7 |    23 ||    30
       Call Imp          |     6 |    16 ||    22
  Eat: Chunk             |     3 |    10 ||    13
Armor: Robe              |     3 |    11 ||    14
Dodge: Dodged            |    13 |    28 ||    41
